Map: Prion Terraces

Players

Semper - Winner!

  • Race: Terran Terran
  • League: Grandmaster

Elazer

  • Race: Zerg Zerg
  • League: Grandmaster

Event: DreamHack ROCCAT LotV Championship

VOD

Have the link to the VOD?

Description

Time

  • Played on: Nov. 26, 2015, 8:36 a.m.
  • Length: 19:07

All games in this series

Show
View Real Time Build Order
Export as new Build Order

Semper Terran - Winner!

Build Orders: Hellion Opening, Reaper Expand, Bio Tank 

Get SALT Encoding   

  12  0:01  SCV  
  13  0:13  SCV  
  14  0:17  Supply Depot  
  14  0:25  SCV  
  15  0:39  SCV, Barracks  
  16  0:43  Refinery  
  16  0:51  SCV  
  17  1:03  SCV  
  18  1:17  SCV  
  19  1:27  Reaper  
  19  1:29  Orbital Command  
  20  1:39  Command Center  
  20  1:55  SCV  
  20  1:57  Supply Depot  
  20  1:59  Marine  
  22  2:06  Factory  
  22  2:07  SCV  
  23  2:14  Refinery  
  23  2:19  SCV  
  23  2:22  Barracks Reactor  
  24  2:31  SCV  
  25  2:43  SCV  
  26  2:52  Orbital Command  
  26  2:54  Starport  
  26  2:55  SCV  
  27  3:04  Hellion x2  
  31  3:07  SCV  
  32  3:18  SCV  
  32  3:19  Supply Depot, Barracks Tech Lab, SCV  
  34  3:26  Hellion x2  
  38  3:30  SCV  
  38  3:31  Medivac  
  41  3:35  SCV  
  42  3:42  SCV  
  42  3:46  Supply Depot  
  43  3:48  Marine  
  43  3:53  Hellion x2  
  43  3:54  SCV  
  49  4:00  Liberator  
  49  4:02  SCV  
  49  4:08  Command Center, SCV  
  50  4:10  Stimpack  
  50  4:13  Bunker  
  50  4:22  SCV  
  50  4:23  SCV  
  55  4:26  Supply Depot, Marine  
  56  4:34  SCV  
  56  4:36  Barracks  
  57  4:47  SCV  
  57  4:50  SCV, Engineering Bay x2  
  59  4:54  Marine  
  59  4:55  Factory Tech Lab  
  59  4:59  SCV, Barracks  
  61  5:03  SCV  
  61  5:04  Refinery x2  
  62  5:09  Starport Reactor  
  62  5:11  SCV  
  63  5:19  Siege Tank  
  63  5:20  SCV  
  67  5:23  Terran Infantry Weapons Level 1, Terran Infantry Armor Level 1  
  67  5:25  SCV  
  67  5:26  Marine x2  
  70  5:33  SCV, Marauder  
  73  5:35  Orbital Command  
  73  5:43  SCV  
  73  5:46  Marine  
  75  5:54  Marauder  
  75  5:55  SCV, Siege Tank  
  73  6:00  Barracks Reactor  
  73  6:02  Medivac  
  71  6:05  Barracks x2  
  71  6:06  Medivac  
  71  6:08  SCV  
  71  6:09  SCV  
  72  6:13  Marine  
  72  6:16  Marauder  
  72  6:17  Supply Depot  
  72  6:18  SCV  
  76  6:22  Marine  
  76  6:25  SCV  
  78  6:28  Combat Shields  
  78  6:31  Marine  
  79  6:33  Siege Tank  
  79  6:37  Marauder  
  79  6:38  Marine  
  79  6:39  Marine  
  86  6:40  Marine  
  86  6:41  Orbital Command  
  86  6:44  SCV x2  
  89  6:47  Supply Depot  
  89  6:49  Marine  
  89  6:54  Barracks Reactor  
  90  6:55  Barracks Tech Lab  
  90  6:56  SCV, Marine  
  90  6:58  Marauder, Marine  
  95  7:03  Marine  
  95  7:05  Siege Tank  
  98  7:12  SCV x2  
  100  7:15  SCV  
  100  7:20  Marauder  
  100  7:22  Marauder, Marine  
  106  7:23  Bunker  
  106  7:24  Bunker  
  106  7:25  Bunker  
  106  7:29  Marine x2  
  108  7:32  SCV  
  109  7:44  Supply Depot  
  109  7:45  Supply Depot  
  109  7:46  Supply Depot  
  109  7:48  Armory, Marauder, Siege Tank, SCV, Medivac  
  117  7:52  Supply Depot  
  117  7:56  SCV x2  
  119  7:59  Marine  
  119  8:00  Marauder  
  122  8:07  Marine x3  
  122  8:08  Marine x2  
  122  8:09  Medivac  
  122  8:10  Marauder  
  130  8:15  SCV x2  
  130  8:17  Refinery  
  130  8:19  Refinery  
  131  8:23  Supply Depot  
  131  8:24  Supply Depot  
  131  8:28  Marine  
  131  8:29  Marauder, Marine  
  131  8:33  Marine  
  131  8:34  Siege Tank, Medivac  
  137  8:38  Marine  
  137  8:39  Marauder, Marine  
  143  8:41  Supply Depot  
  143  8:46  Marine  
  143  8:47  Marine  
  139  8:49  Marine  
  139  8:51  Marauder  
  139  8:52  SCV x2  
  139  8:53  Missile Turret  
  139  8:55  Terran Infantry Weapons Level 2, Terran Infantry Armor Level 2  
  139  8:59  SCV  
  139  9:01  Marauder  
  140  9:04  SCV x2  
  140  9:07  Terran Vehicle Weapons Level 1  
  142  9:11  Supply Depot  
  142  9:13  Siege Tank  
  142  9:14  Marine x2  
  142  9:15  Marauder, Marine  
  150  9:19  Marine  
  150  9:22  Marauder  
  153  9:24  Marine x2  
  153  9:29  Medivac  
  157  9:35  Command Center  
  157  9:36  Marauder  
  159  9:52  Marine x2  
  162  9:53  Siege Tank, Marauder  
  162  9:54  Marine x2  
  162  9:58  Marauder  
  166  10:07  Marine  
  166  10:08  Marine  
  166  10:10  Marine  
  166  10:11  Marine  
  166  10:12  Marine  
  153  10:14  Marauder  
  153  10:19  Marauder, Marine  
  153  10:20  SCV  
  150  10:23  SCV  
  150  10:25  Siege Tank, Marine  
  150  10:26  Marine  
  150  10:27  Marine  
  154  10:28  Marine  
  154  10:33  Marine  
  154  10:34  Medivac x2  
  162  10:35  Marauder  
  162  10:37  Marine  
  162  10:41  Marauder  
  165  10:48  Barracks  
  165  10:51  Barracks x2  
  165  10:53  Marine x2  
  157  10:57  Marauder  
  157  11:02  Marine x2, Marauder  
  157  11:04  Siege Tank  
  162  11:13  Terran Infantry Weapons Level 3, Terran Infantry Armor Level 3  
  162  11:18  Marauder  
  161  11:20  Marine  
  161  11:21  Starport  
  161  11:22  Marine x2  
  161  11:23  Marauder  
  164  11:26  Starport  
  164  11:32  Medivac x2  
  166  11:33  Marine  
  166  11:34  Marine  
  166  11:39  Marauder  
  170  11:40  Barracks Reactor, Barracks Tech Lab x2  
  170  11:42  Marine  
  170  11:45  Marauder  
  172  11:57  Liberator  
  172  11:58  Marine, Liberator  
  172  11:59  Marauder, Marine  
  172  12:01  Marauder  
  178  12:03  Marauder, Marine x2  
  178  12:05  Starport Tech Lab, Starport Reactor  
  178  12:06  Planetary Fortress  
  178  12:07  SCV  
  189  12:19  Concussive Shells, Marine  
  189  12:20  Marauder  
  190  12:27  Medivac  
  190  12:29  Marine x2  
  193  12:36  Liberator x2  
  190  12:44  Marine  
  190  12:45  Marine  
  190  12:46  Marauder, Marine x4  
  191  12:51  Marine  
  191  12:52  Marauder  
  198  13:08  Marine  
  198  13:09  Marauder, Marine x2  
  198  13:11  Marine x6  
  198  13:12  Marauder  
  200  13:15  Liberator x2  
  200  13:17  Marine  
  191  13:30  Marine  
  191  13:31  Marauder, Liberator x2, Marine x4  
  191  13:32  Marauder  
  193  13:53  Marine  
  193  13:54  Command Center, Marauder, Marine  
  193  14:01  Marine  
  193  14:02  Marauder  
  186  14:08  Terran Ship Weapons Level 1  
  174  14:12  Liberator x2  
  174  14:13  Marine x5  
  174  14:14  Marauder  
  174  14:16  Marine  
  177  14:21  Marine x2  
  177  14:22  Marauder  
  181  14:25  Liberator  
  181  14:26  Marine  
  181  14:27  Marauder  
  181  14:29  Refinery  
  181  14:31  Refinery  
  190  14:35  Liberator  
  190  14:36  Liberator  
  180  14:41  Marine x4  
  180  14:42  Marauder  
  180  14:44  Marine x2  
  180  14:45  Marauder  
  182  14:51  Marine  
  182  14:52  Marauder, Marine  
  186  14:58  Marine  
  186  14:59  Marine x2  
  185  15:04  Marine  
  185  15:05  Marine  
  165  15:15  Marauder, Marine x2  
  156  15:32  Marine x2  
  156  15:33  Orbital Command, Marauder  
  159  15:41  Marine x4  
  159  15:42  Marauder  
  164  15:45  Marine  
  164  15:49  Marine  
  157  15:56  Marine  
  158  16:01  Orbital Command  
  158  16:02  Marine  
  146  16:38  Marine  
  146  16:39  Marauder  
  149  16:40  SCV x2  
  145  16:50  Liberator  
  132  17:14  Liberator  
  132  17:21  Orbital Command  
  132  17:28  Marauder, Marine  
  135  17:34  Marine  
  135  17:35  Marine  
  140  17:44  Marine x4  
  140  17:50  Marine x2  
  143  17:52  Liberator  
  143  18:08  Marine  
  143  18:12  Marine  
  145  18:13  Marauder  
  145  18:15  SCV  
  145  18:16  SCV x2  
  129  18:39  Marine  
  129  18:40  Marauder  
  123  18:46  Marine  
Show
View Real Time Build Order
Export as new Build Order

Elazer Zerg 

Build Orders: Hatch First 

Get SALT Encoding   

  12  0:00  Drone  
  13  0:12  Overlord  
  13  0:17  Drone  
  14  0:31  Drone x2  
  14  0:35  Drone  
  17  0:52  Hatchery  
  17  0:55  Drone  
  17  0:57  Drone  
  18  1:09  Extractor  
  17  1:12  Spawning Pool  
  17  1:15  Drone  
  17  1:18  Drone  
  18  1:28  Drone  
  19  1:39  Overlord  
  19  1:58  Queen  
  19  1:59  Zergling x2  
  19  2:01  Zergling x2  
  23  2:03  Queen  
  25  2:09  Metabolic Boost  
  25  2:10  Overlord  
  25  2:26  Drone x4  
  29  2:34  Overlord  
  29  2:36  Drone  
  30  2:41  Queen  
  32  2:45  Drone  
  32  2:47  Drone  
  34  2:54  Drone  
  34  2:57  Drone  
  36  3:04  Drone  
  37  3:07  Zergling x4  
  37  3:08  Zergling x2  
  40  3:13  Overlord, Zergling x2  
  40  3:14  Drone  
  40  3:15  Drone  
  43  3:30  Hatchery, Queen  
  44  3:35  Drone x3  
  47  3:41  Overlord  
  47  3:43  Drone x2  
  47  3:45  Drone x2  
  47  3:47  Drone  
  50  3:53  Extractor  
  49  3:55  Roach Warren  
  49  3:57  Drone x2  
  49  4:01  Drone x2  
  49  4:06  Zergling x2  
  49  4:07  Queen  
  52  4:16  Drone x3, Extractor  
  54  4:18  Overlord  
  54  4:32  Overlord  
  54  4:37  Roach x4  
  57  4:51  Drone x3  
  54  4:59  Drone  
  55  5:00  Drone  
  55  5:01  Drone x3  
  55  5:04  Drone x2  
  55  5:05  Drone  
  55  5:06  Drone  
  61  5:10  Overlord  
  61  5:11  Drone  
  61  5:12  Ravager x4  
  66  5:17  Drone  
  66  5:20  Drone  
  68  5:22  Evolution Chamber  
  68  5:24  Evolution Chamber  
  68  5:25  Drone x2  
  69  5:28  Drone x2  
  69  5:32  Lair  
  69  5:34  Overlord  
  70  5:36  Roach  
  70  5:44  Spore Crawler  
  70  5:46  Drone x2  
  70  5:47  Drone  
  68  5:50  Drone x2  
  68  5:54  Drone x2  
  68  5:56  Drone x2  
  70  5:59  Drone  
  70  6:02  Drone  
  68  6:06  Drone x2  
  70  6:14  Zerg Missile Weapons Level 1  
  70  6:15  Zerg Ground Armor Level 1  
  70  6:16  Drone  
  70  6:18  Drone  
  72  6:26  Roach  
  72  6:27  Roach x3  
  72  6:30  Glial Reconstitution  
  80  6:33  Drone x3  
  80  6:38  Drone  
  80  6:39  Drone, Overlord  
  85  6:41  Roach  
  87  6:49  Roach x5  
  87  6:53  Drone  
  98  6:57  Overlord  
  98  7:04  Drone  
  98  7:05  Extractor  
  98  7:06  Drone x3  
  101  7:09  Drone  
  101  7:10  Extractor  
  101  7:11  Hatchery, Drone x3  
  103  7:18  Overlord x2  
  103  7:20  Roach x3  
  103  7:21  Ravager x3  
  112  7:25  Roach  
  114  7:37  Overlord  
  114  7:38  Roach x5  
  124  7:46  Roach x3  
  124  7:47  Overlord  
  124  7:49  Overlord x2  
  130  7:51  Overlord  
  130  7:56  Drone  
  130  7:57  Drone x3, Extractor  
  133  8:06  Roach x6  
  133  8:11  Overlord  
  145  8:12  Zerg Missile Weapons Level 2  
  145  8:14  Drone x5  
  150  8:24  Overlord  
  146  8:36  Roach x10  
  162  8:43  Roach x7  
  162  8:46  Overlord  
  162  8:47  Drone  
  162  8:55  Drone x2  
  162  8:56  Drone  
  162  9:00  Zerg Ground Armor Level 2  
  162  9:02  Drone  
  160  9:04  Infestation Pit  
  160  9:08  Overlord, Ravager  
  160  9:12  Roach x5  
  170  9:20  Extractor  
  170  9:21  Ravager x3  
  170  9:23  Overlord  
  172  9:24  Drone, Extractor  
  172  9:25  Drone x5  
  172  9:27  Spore Crawler  
  176  9:34  Roach x7  
  176  9:38  Overlord  
  190  9:39  Overlord  
  166  10:19  Ravager x6  
  172  10:22  Hive  
  172  10:23  Roach x4  
  172  10:24  Roach x2  
  172  10:27  Roach x2  
  172  10:28  Roach x4  
  194  10:33  Hatchery  
  189  10:36  Ravager  
  189  10:37  Zerg Melee Weapons Level 1  
  189  10:39  Queen  
  168  11:22  Ravager  
  167  11:28  Ravager x4  
  171  11:35  Adrenal Glands  
  171  11:36  Zerg Ground Armor Level 3  
  171  11:38  Ultralisk Cavern  
  171  11:39  Roach x6  
  188  11:40  Roach x3  
  188  11:42  Ravager x3  
  188  11:46  Hatchery  
  188  12:11  Spore Crawler  
  187  12:21  Spore Crawler  
  184  12:28  Ultralisk, Chitinous Plating  
  196  12:34  Zerg Melee Weapons Level 2  
  179  12:46  Ultralisk x3  
  195  12:54  Ultralisk  
  188  13:09  Ultralisk x2  
  195  13:14  Drone x3  
  195  13:18  Ultralisk x2  
  189  13:21  Zergling x16  
  195  13:29  Overlord  
  195  13:34  Overlord  
  182  13:48  Ultralisk x2  
  182  13:49  Ultralisk  
  182  13:50  Zergling x2  
  182  13:51  Zergling x16  
  182  13:53  Zergling x4  
  170  14:08  Ultralisk  
  141  14:13  Ultralisk  
  132  14:17  Hatchery  
  132  14:18  Zergling x20  
  132  14:19  Zergling x4  
  132  14:23  Drone x3  
  146  14:28  Ultralisk  
  146  14:29  Extractor x2  
  147  14:42  Ultralisk  
  147  14:44  Zergling x10  
  147  14:45  Zergling x2  
  151  14:53  Ultralisk  
  151  14:58  Ultralisk  
  151  14:59  Zergling x20  
  167  15:13  Hatchery, Roach x4  
  167  15:20  Roach x3  
  164  15:29  Extractor  
  164  15:33  Drone  
  164  15:34  Drone x4  
  167  15:39  Overlord  
  167  15:42  Roach x3  
  170  15:54  Drone x2  
  170  15:55  Drone x3  
  171  15:57  Roach  
  171  15:58  Roach  
  171  15:59  Ravager  
  171  16:00  Ravager x5  
  180  16:25  Zerg Melee Weapons Level 3  
  177  16:26  Spire  
  173  16:39  Ultralisk Cavern  
  112  16:57  Zergling x14  
  113  17:12  Ravager x2  
  115  17:20  Hatchery, Queen x4  
  122  17:26  Ultralisk  
  122  17:27  Ultralisk x3  
  146  17:42  Corruptor x3  
  146  17:43  Corruptor  
  154  17:49  Zergling x6  
  157  17:55  Ultralisk  
  149  18:10  Ultralisk  

Tags
 
Add a new tag
Caveats
  • Supply blocks, unpowered buildings, or Contaminate may cause inaccurate times.
  • Supply counts are checked every 10 seconds.